 Dungeon Crawl Stone Soup version 0.18-a0-1088-g34ef3a2 (webtiles) character file.

118 tof the Shield-Bearer (level 5, 0/42 HPs)
             Began as a Formicid Fighter on Jan 15, 2016.
             Killed by divine providence
             ... invoked by an orc priest
              (12 damage)
             ... on level 3 of the Dungeon.
             The game lasted 00:04:47 (1531 turns).

tof the Shield-Bearer (Formicid Fighter)            Turns: 1531, Time: 00:04:47

Health: 0/42       AC:  7    Str: 21    XL:     5   Next: 23%
Magic:  5/5        EV:  8    Int:  7    God:
Gold:   84         SH: 10    Dex: 11    Spells: 0 memorised, 4 levels left

rFire  . . .     SeeInvis +     p - +1 long sword (slice)
rCold  . . .     Gourm    .     b - +0 scale mail
rNeg   . . .     Faith    .     c - +0 shield
rPois  .         Spirit   .     (helmet unavailable)
rElec  .         Dismiss  .     (no cloak)
rCorr  .         Reflect  .     (no gloves)
SustAt .         Harm     .     (no boots)
MR     .....                    (no amulet)
Stlth  ..........               (no ring)
                                (no ring)

@: not resistant to hostile enchantments, extremely unstealthy
A: permanent stasis, dig shafts and tunnels, four strong arms, antennae 3
a: Dig, Shaft Self


You were on level 3 of the Dungeon.
You were not hungry.

You visited 1 branch of the dungeon, and saw 3 of its levels.

You collected 84 gold pieces.

Inventory:

Hand Weapons
 a - a +0 long sword
 p - a +1 long sword of slicing (weapon)
Armour
 b - a +0 scale mail (worn)
 c - a +0 shield (worn)
Scrolls
 e - a scroll of remove curse {unknown}
 g - 3 scrolls of noise {unknown}
 h - 3 scrolls of recharging {unknown}
 k - a scroll of enchant armour {unknown}
 q - a scroll of identify {unknown}
 r - a scroll of immolation {unknown}
Potions
 d - a potion of might
 i - 2 potions of lignification {unknown}
 j - a potion of resistance {unknown}
 l - a potion of haste {unknown}
Comestibles
 f - 2 bread rations
 m - a meat ration
 n - a slice of pizza
 o - a beef jerky


   Skills:
 + Level 3.9 Fighting
 * Level 3.0 Long Blades
 * Level 3.8 Armour
 * Level 5.0 Shields


You had 4 spell levels left.
You didn't know any spells.

Dungeon Overview and Level Annotations

Branches:
Dungeon (3/15)

Altars:


Innate Abilities, Weirdness & Mutations

You are under a permanent stasis effect.
You can dig through walls and to a lower floor.
Your four strong arms can wield two-handed weapons with a shield.
You have a pair of large antennae on your head (SInv).


Message History

You hit the orc.
The orc is heavily wounded.
You block the gnoll's attack. The orc hits you but does no damage.
You hit the orc.
The orc is severely wounded.
The gnoll hits you from afar with a halberd!
* * * LOW HITPOINT WARNING * * *
The orc hits you but does no damage.
You are too injured to fight recklessly!
You are too injured to fight recklessly!
You are too injured to fight recklessly!
You hit the orc but do no damage.
The orc is severely wounded.
The gnoll misses you.
The orc priest casts a cantrip, but nothing happens.
The hobgoblin hits you but does no damage.
The orc hits you but does no damage. The gnoll hits you but does no damage.
The orc priest mumbles some strange prayers to Beogh against you.
Something smites you!
You die...

... #.. #..####
#))..# #...$#
#.oo.# { {
#.ogo# ###
###g### #.+
#.@o(# #.#
#....###.#{ { {
#........######
#...†.........#
#.............#
###........(..#
#..####'#####
##.####.#
#...##.#


You could see an orc priest, a gnoll, 4 orcs and a hobgoblin.

Vanquished Creatures
  Crazy Yiuf (D:2)
  An adder (D:2)
  2 gnolls (D:3)
  An ooze (D:2)
  A giant gecko (D:2)
  6 bats
  2 giant cockroaches (D:2)
  8 hobgoblins
  7 jackals
  4 kobolds
  2 ball pythons (D:2)
  4 giant newts
  9 goblins
  5 rats
53 creatures vanquished.

Notes
Turn   | Place    | Note
--------------------------------------------------------------
     0 | D:1      | tof the Formicid Fighter began the quest for the Orb.
     0 | D:1      | Reached XP level 1. HP: 18/18 MP: 1/1
    62 | D:1      | Reached XP level 2. HP: 16/24 MP: 2/2
   219 | D:1      | Reached skill level 4 in Shields
   336 | D:1      | Reached XP level 3. HP: 29/29 MP: 3/3
  1078 | D:2      | Reached XP level 4. HP: 29/37 MP: 4/4
  1094 | D:2      | Noticed Crazy Yiuf
  1164 | D:2      | Killed Crazy Yiuf
  1323 | D:2      | Reached skill level 5 in Shields
  1354 | D:2      | Reached XP level 5. HP: 37/42 MP: 5/5
  1531 | D:3      | Killed from afar by an orc priest

Vault maps used:
D:1:      saegor_arrival_simple_e, st_stairs_8, corexii_item_surrounded_by_moat,
          glass_columns_c, minmay_surrounded
D:2:      kennysheep_cross_room, uniq_crazy_yiuf_cottage
D:3:      okawaru_altar_gauntlet_db

Action                   |  1- 3 |  4- 6 || total
-------------------------+-------+-------++-------
Melee: Long sword        |   118 |    55 ||   173
  Eat: Chunk             |     1 |     1 ||     2
